 Dungeon Crawl Stone Soup version 0.29-a0-721-g7f417c9bbb (webtiles) character file.

Game seed: 5984889908822325339

10794 blackman the Destroyer (level 11, -6/77 HPs)
             Began as a Human Wanderer on June 27, 2022.
             Was a High Priest of Vehumet.
             Mangled by a five-headed hydra (11 damage)
             ... on level 12 of the Dungeon.
             The game lasted 00:40:26 (16200 turns).

blackman the Destroyer (Human Wanderer)            Turns: 16200, Time: 00:40:27

Health: -6/77      AC: 10    Str:  9    XL:     11   Next: 99%
Magic:  7/21       EV: 12    Int: 15    God:    Vehumet [*****.]
Gold:   820        SH:  5    Dex: 18    Spells: 12/24 levels left

rFire   . . .      SeeInvis .   y - +3 spear (venom)
rCold   . . .      Faith    +   f - +0 buckler {AC+3}
rNeg    . . .      Spirit   .   P - +0 steam dragon scales
rPois   .          Reflect  .   A - +0 helmet
rElec   .          Harm     .   (no cloak)
rCorr   +          Rampage  .   c - +0 pair of gloves
Will    .....                   (no boots)
Stlth   ++........              r - amulet of faith
HPRegen 0.22/turn               u - ring of flight
MPRegen 0.17/turn               F - ring of resist corrosion

@: flying
A: no striking features
a: Renounce Religion


You were on level 12 of the Dungeon.
You worshipped Vehumet.
Vehumet was extremely pleased with you.
You visited 1 branch of the dungeon, and saw 12 of its levels.

You collected 820 gold pieces.

Inventory:

Hand Weapons
 a - a +0 dagger
 b - a +5 trident
 y - a +3 spear of venom (weapon)
Missiles
 n - 54 poisoned darts (quivered)
 I - 2 curare-tipped darts
 J - 5 atropa-tipped darts
 W - 6 javelins
Armour
 c - a +0 pair of gloves (worn)
 e - a +0 robe
 f - a +0 buckler of protection (worn)
 g - a +0 scale mail
 A - a +0 helmet (worn)
 P - +0 steam dragon scales (worn)
Jewellery
 r - an amulet of faith (around neck)
 u - a ring of flight (left hand)
 F - a ring of resist corrosion (right hand)
 K - an amulet of guardian spirit
 M - a ring of fire
Wands
 x - a wand of digging (14)
 E - a wand of polymorph (20)
 G - a wand of flame (31)
 V - a wand of quicksilver (5)
Scrolls
 d - 8 scrolls of teleportation
 i - 3 scrolls of magic mapping {unknown}
 k - 3 scrolls of immolation
 l - 11 scrolls of identify {unknown}
 t - 2 scrolls of blinking {unknown}
 v - 3 scrolls of enchant armour {unknown}
 z - a scroll of noise {unknown}
 B - 2 scrolls of poison {unknown}
 D - 3 scrolls of amnesia {unknown}
 N - a scroll of fog {unknown}
 O - a scroll of summoning {unknown}
 Q - a scroll of enchant weapon {unknown}
 R - a scroll of acquirement {unknown}
 S - a scroll of brand weapon {unknown}
 T - a scroll of silence {unknown}
 U - a scroll of torment {unknown}
Potions
 h - 2 potions of brilliance {unknown}
 j - 2 potions of attraction {unknown}
 m - 2 potions of ambrosia
 o - 3 potions of might {unknown}
 p - 3 potions of heal wounds {unknown}
 q - 2 potions of invisibility {unknown}
 s - 3 potions of curing
 w - 4 potions of mutation {unknown}
 C - 3 potions of cancellation {unknown}
 H - a potion of berserk rage {unknown}
 L - a potion of flight {unknown}


   Skills:
 - Level 4.2 Fighting
 - Level 2.0 Dodging
 - Level 1.0 Stealth
 - Level 3.0 Shields
 - Level 7.2 Spellcasting
 - Level 13.6 Conjurations
 * Level 3.1 Fire Magic
 * Level 7.8 Air Magic


You had 12 spell levels left.
You knew the following spells:

 Your Spells              Type           Power      Damage    Failure   Level
a - Searing Ray           Conj           92%        2d7       1%          2
b - Static Discharge      Conj/Air       37%        N/A       1%          2
c - Fulminant Prism       Conj/Hex       12%        3d9       3%          4
d - Flame Wave            Conj/Fire      30%        2d8       1%          4

Your spell library contained the following spells:

 Spells                   Type           Power      Damage    Failure   Level
 Poisonous Vapours        Pois/Air       34%        N/A       1%          2
 Iskenderun's Battlesphe  Conj           46%        2d10      1%          5
 Beastly Appendage        Tmut           10%        N/A       17%         1
 Wereblood                Tmut           5%         N/A       26%         2
 Iron Shot                Conj/Erth      12%        9d3       36%         6
 Portal Projectile        Hex/Tloc       10%        N/A       45%         3
 Spider Form              Tmut/Pois      5%         N/A       45%         3
 Tukima's Dance           Hex            5%         N/A       45%         3
 Corpse Rot               Necr/Pois/Air  13%        N/A       50%         4
 Petrify                  Tmut/Erth      5%         N/A       86%         4
 Spellforged Servitor     Conj/Summ      12%        N/A       88%         7
 Blade Hands              Tmut           2%         N/A       99%         5
 Metabolic Englaciation   Hex/Ice        2%         N/A       99%         5
 Statue Form              Tmut/Erth      3%         N/A       100%        6


Dungeon Overview and Level Annotations

Branches:
Dungeon (12/15)            Temple (0/1) D:7            Lair (0/6) D:9
    Orc: D:9-12

Altars:
Qazlal
Trog
Vehumet
Xom

Annotations:
D:4 2 transporters, frimble's ghost, amateur MiHu
D:8 2 runed translucent doors, zhov's ghost, novice MiFi


Message History

Casting: Static Discharge (safe; 1% risk of failure)
Confirm with . or Enter, or press ? or * to list all spells.
The eight-headed hydra is struck by an arc of lightning!
The eight-headed hydra is almost dead.
The five-headed hydra is struck by an arc of lightning.
The five-headed hydra is moderately wounded.
The eight-headed hydra is struck by an arc of lightning.
The eight-headed hydra is almost dead.
The lightning grounds out.
The eight-headed hydra barely misses you.
You block the eight-headed hydra's attack.
The eight-headed hydra bites you.
The eight-headed hydra barely misses you.
The eight-headed hydra bites you. x2
The eight-headed hydra closely misses you.
The eight-headed hydra bites you!
Casting: Static Discharge (safe; 1% risk of failure)
Confirm with . or Enter, or press ? or * to list all spells.
The five-headed hydra is struck by an arc of lightning.
The five-headed hydra is moderately wounded.
The lightning grounds out.
The eight-headed hydra is struck by an arc of lightning.
The eight-headed hydra is almost dead.
The five-headed hydra is struck by an arc of lightning.
The five-headed hydra is moderately wounded.
You are struck by an arc of lightning.
The lightning grounds out.
The eight-headed hydra bites you but does no damage.
The eight-headed hydra bites you!
* * * LOW HITPOINT WARNING * * *
The eight-headed hydra bites you but does no damage. x2
The eight-headed hydra bites you!
* * * LOW HITPOINT WARNING * * *
The eight-headed hydra bites you.
* * * LOW HITPOINT WARNING * * *
The eight-headed hydra bites you but does no damage.
The eight-headed hydra barely misses you.
The five-headed hydra bites you but does no damage.
The five-headed hydra completely misses you.
The five-headed hydra bites you!
You die...

...? .... .....
..... ...... .
......######...
...............
.......@D......
........D......
...............
......########.
...... ......
..... .....


You could see an eight-headed hydra and a five-headed hydra.

Vanquished Creatures
  A boulder beetle (D:11)
  A hydra (D:11)
  2 two-headed ogres (D:11)
  A hornet (D:8)
  3 shadows
  4 wyverns
  13 yaks
  2 vampire mosquitoes (D:11)
  A wraith (D:11)
  2 steam dragons
  2 acid dragons
  2 water moccasins (D:7)
  An ice beast (D:6)
  2 sky beasts
  A black bear (D:6)
  6 orc warriors
  3 ogres (D:6)
  A phantom (D:5)
  5 centaurs
  6 kobold brigands
  4 scorpions
  A necrophage (D:6)
  10 wights (D:8)
  5 killer bees
  An electric eel (D:8)
  4 howler monkeys
  2 jellies
  A gnoll shaman (D:5)
  3 hounds
  4 orc priests
  5 iguanas
  10 orc wizards
  12 gnolls
  9 adders
  A shadow imp (D:7)
  2 white imps
  An ufetubus (D:6)
  A worm (D:3)
  4 dart slugs
  32 orcs
  8 bats
  3 endoplasms
  2 giant cockroaches
  7 goblins
  3 hobgoblins
  2 quokkas
  10 ball pythons
  2 frilled lizards (D:1)
  29 kobolds
  6 rats
243 creatures vanquished.

Vanquished Creatures (others)
  67 fulminant prisms
  5 plants (D:4)
72 creatures vanquished.

Grand Total: 315 creatures vanquished

Notes
Turn   | Place    | Note
-------+----------+-------------------------------------------
     0 | D:1      | blackman the Human Wanderer began the quest for the Orb.
     0 | D:1      | blackman set off with the following items: a +0 dagger, a
                  | potion of lignification, a +0 pair of gloves, a scroll of
                  | teleportation, a +0 robe, a +0 buckler of protection.
     0 | D:1      | Reached XP level 1. HP: 19/19 MP: 1/1
    73 | D:1      | Found a faded altar of an unknown god.
    90 | D:1      | Prayed at the altar of an unknown god.
    90 | D:1      | Became a worshipper of Vehumet
    90 | D:1      | Reached * piety under Vehumet
    90 | D:1      | Offered knowledge of Shock by Vehumet.
   235 | D:1      | Reached XP level 2. HP: 25/25 MP: 1/3
   324 | D:1      | Reached skill level 1 in Spellcasting
   409 | D:1      | Reached XP level 3. HP: 30/30 MP: 4/6
  1125 | D:2      | Reached ** piety under Vehumet
  1126 | D:2      | Reached XP level 4. HP: 35/37 MP: 6/8
  1170 | D:2      | Offered knowledge of Searing Ray by Vehumet.
  1204 | D:2      | Reached skill level 1 in Conjurations
  1783 | D:3      | Learned a level 2 spell: Searing Ray
  1827 | D:3      | Reached skill level 2 in Conjurations
  1837 | D:3      | Reached XP level 5. HP: 33/42 MP: 9/9
  1977 | D:3      | You fall into a shaft and drop 2 floors!
  1977 | D:5      | Entered Level 5 of the Dungeon
  1984 | D:4      | Identified the +0 kite shield of Teejy {Int+4}
  2001 | D:4      | Found a bloodstained altar of Trog.
  2081 | D:3      | Reached skill level 3 in Conjurations
  2254 | D:3      | Offered knowledge of Static Discharge by Vehumet.
  2255 | D:3      | Reached XP level 6. HP: 18/48 MP: 3/10
  2732 | D:4      | Reached skill level 4 in Conjurations
  2735 | D:4      | Learned a level 2 spell: Static Discharge
  2916 | D:4      | Found a transporter.
  2917 | D:4      | Found a transporter.
  2924 | D:4      | Reached *** piety under Vehumet
  2944 | D:4      | Noticed frimble's ghost (amateur MiHu)
  3373 | D:5      | Reached skill level 5 in Conjurations
  3536 | D:5      | Reached XP level 7. HP: 40/54 MP: 4/11
  3765 | D:5      | Offered knowledge of Fulminant Prism by Vehumet.
  3836 | D:5      | Learned a level 4 spell: Fulminant Prism
  3907 | D:5      | Reached skill level 6 in Conjurations
  4152 | D:5      | Identified the +7 plate armour of the Wicked Griffon {rElec
                  | rPois}
  4204 | D:5      | Found a shimmering altar of Xom.
  4575 | D:5      | Reached skill level 7 in Conjurations
  4744 | D:5      | Reached XP level 8. HP: 49/60 MP: 7/12
  5164 | D:6      | Reached skill level 8 in Conjurations
  5498 | D:6      | Found a stormy altar of Qazlal.
  5535 | D:6      | Reached **** piety under Vehumet
  5536 | D:6      | Reached skill level 9 in Conjurations
  5873 | D:6      | Reached XP level 9. HP: 36/64 MP: 7/13
  5915 | D:6      | Reached skill level 10 in Conjurations
  6560 | D:7      | Offered knowledge of Conjure Flame by Vehumet.
  6591 | D:7      | Reached skill level 11 in Conjurations
  8298 | D:7      | Reached skill level 12 in Conjurations
  9023 | D:7      | Reached XP level 10. HP: 72/72 MP: 4/14
  9609 | D:7      | Found a staircase to the Ecumenical Temple.
 10534 | D:8      | Reached skill level 13 in Conjurations
 11326 | D:8      | Reached skill level 1 in Air Magic
 11328 | D:8      | Paralysed by a hornet for 3 turns
 11774 | D:8      | Found a large runed translucent door.
 11774 | D:8      | Found a large runed translucent door.
 11775 | D:8      | Noticed zhov's ghost (novice MiFi)
 12141 | D:9      | Reached ***** piety under Vehumet
 12355 | D:9      | Found a staircase to the Lair.
 12624 | D:9      | Offered knowledge of Flame Wave by Vehumet.
 12625 | D:9      | Reached skill level 5 in Air Magic
 12625 | D:9      | Reached XP level 11. HP: 66/77 MP: 3/17
 12764 | D:9      | Learned a level 4 spell: Flame Wave
 13154 | D:10     | Entered Level 10 of the Dungeon
 13602 | D:10     | Reached skill level 5 in Spellcasting
 14420 | D:11     | Noticed a two-headed ogre
 14431 | D:11     | Killed a two-headed ogre
 14951 | D:11     | Noticed a two-headed ogre
 14987 | D:11     | Killed a two-headed ogre
 15434 | D:11     | Noticed a boulder beetle
 15777 | D:11     | Killed a boulder beetle
 15778 | D:11     | Reached skill level 1 in Fire Magic
 15973 | D:11     | Noticed a five-headed hydra
 15984 | D:11     | Killed a five-headed hydra
 16191 | D:12     | Noticed an eight-headed hydra
 16193 | D:12     | Noticed a five-headed hydra
 16200 | D:12     | Mangled by a five-headed hydra

Illustrated notes

Levels and vault maps discovered:
D:1:      psy_arrival_terrarium, layout_basic, serial_forest,
          infiniplex_forest_clump_double, infiniplex_forest_lined_3,
          infiniplex_forest_clump_curved, infiniplex_forest_lined_corner,
          infiniplex_forest_corner_2, infiniplex_forest_straight_2,
          infiniplex_forest_lined_corner, infiniplex_forest_diagonal,
          infiniplex_forest_end_3, ebering_ecumenical_altar_webs
D:2:      layout_loops_ring
D:3:      layout_rooms, minmay_cupped
D:4:      layout_basic, amcnicky_altar_gilded, gammafunk_ghost_gnarly_gnolls
D:5:      layout_cave_pods, mainiacjoe_overflow_surrounded_room
D:6:      layout_cave_pods, nicolae_qazlal_eye_of_the_storm, minmay_puff
D:7:      layout_cave_pools, temple_doors_cd,
          hangedman_abyss_or_decor_jellyfish_corner
D:8:      wad_river_or_something, layout_loops_ring, ebering_ghost_disaster_area
D:9:      layout_irregular_city, lair_entry_dummy
D:10:     layout_loops_corners
D:11:     layout_loops_ring, chequers_avenue
D:12:     layout_irregular_city, david_orc_4, trove_entry_hex_spiral

Skill      XL: |  1  2  3  4  5  6  7  8  9 10 11 |
---------------+----------------------------------+-----
Spellcasting   | 2 4 7 |  7.2
Conjurations   | 2 3 5 7 9 12 13 | 13.6
Air Magic      | 5 7 |  7.8
Fire Magic     | 3 |  3.1
Fighting       | |  4.2
Dodging        | |  2.0
Stealth        | |  1.0
Shields        | |  3.0

Action                   |  1- 3 |  4- 6 |  7- 9 | 10-12 || total
-------------------------+-------+-------+-------+-------++-------
Melee: Dagger            |    51 |       |       |       ||    51
       Short sword       |    52 |    25 |       |       ||    77
       Spear             |       |    84 |   116 |    90 ||   290
Throw: Dart              |       |       |     4 |     2 ||     6
 Cast: Searing Ray       |       |     8 |    18 |    35 ||    61
       Static Discharge  |       |    10 |    38 |    63 ||   111
       Fulminant Prism   |       |       |    29 |    40 ||    69
       Flame Wave        |       |       |       |     2 ||     2
Evoke: Wand              |       |       |       |     3 ||     3
  Use: Potion            |       |     1 |       |     6 ||     7
       Scroll            |       |       |       |     2 ||     2
 Stab: Sleeping          |       |     1 |     3 |     3 ||     7
Armor: Scale mail        |    51 |    13 |       |       ||    64
       Robe              |     4 |    23 |    42 |    13 ||    82
       Steam dragon scal |       |       |       |    43 ||    43
       Skin              |       |       |       |     5 ||     5
Dodge: Dodged            |    33 |    67 |    72 |   106 ||   278
Block: Buckler           |    24 |    19 |    18 |    50 ||   111

Table legend: (Time is in decaauts)
 A = Elapsed time spent in this place.
 B = Non-inter-level travel time spent in this place.
 C = Inter-level travel time spent in this place.
 D = Time resting spent in this place.
 E = Time spent auto-exploring this place.
 F = Levels seen in this place.
 G = Mean time per level.
                   A        B        C        D        E       F      G
               +--------+--------+--------+--------+--------+-----+--------+
         Total |  16274 |  15823 |    451 |   3788 |  10028 |  12 | 1356.2 |
       Dungeon |  16274 |  15823 |    451 |   3788 |  10028 |  12 | 1356.2 |
               +--------+--------+--------+--------+--------+-----+--------+

Top non-repeatable levels by time:
     D:6: 3624 daAuts
     D:8: 2119 daAuts
    D:11: 1811 daAuts
     D:5: 1560 daAuts
     D:7: 1405 daAuts
    D:10: 1238 daAuts
     D:9: 1127 daAuts
     D:1: 1076 daAuts
     D:3: 900 daAuts
     D:4: 710 daAuts
     D:2: 690 daAuts
    D:12: 8 daAuts
